 Dungeon Crawl Stone Soup version 0.24-a0-459-g225fefd530 (webtiles) character file.

Game seed: 4132367430476869404

681 Azzok the Shield-Bearer (level 7, -5/52 HPs)
             Began as a Formicid Fighter on June 28, 2019.
             Slain by an iguana (10 damage)
             ... on level 4 of the Dungeon.
             The game lasted 00:07:10 (4487 turns).

Azzok the Shield-Bearer (Formicid Fighter)          Turns: 4487, Time: 00:07:10

Health: -5/52      AC: 12    Str: 22    XL:     7   Next: 92%
Magic:  7/7        EV:  6    Int:  8    God:
Gold:   226        SH: 11    Dex: 10    Spells: 6/6 levels left

rFire    . . .     SeeInvis +   a - +0 war axe
rCold    . . .     Gourm    .   c - +0 shield
rNeg     . . .     Faith    .   v - +0 plate armour
rPois    .         Spirit   .   (helmet unavailable)
rElec    .         Reflect  .   (no cloak)
rCorr    .         Harm     .   (no gloves)
MR       .....                  (no boots)
Stlth    ..........             (no amulet)
HPRegen  0.17/turn              (no ring)
MPRegen  0.10/turn              (no ring)

@: no status effects
A: permanent stasis, dig shafts and tunnels, four strong arms, antennae 3
a: Dig, Shaft Self


You were on level 4 of the Dungeon.
You were not hungry.

You visited 1 branch of the dungeon, and saw 5 of its levels.

You collected 226 gold pieces.

Inventory:

Hand Weapons
 a - a +0 war axe (weapon)
 r - a +0 dagger of freezing
Armour
 c - a +0 shield (worn)
 j - a +0 large shield of protection
 v - a +0 plate armour (worn)
Scrolls
 e - a scroll of random uselessness {unknown}
 i - 4 scrolls of remove curse
 l - a scroll of fog {unknown}
 m - a scroll of fear {unknown}
 n - a scroll of enchant armour {unknown}
 o - a scroll of immolation {unknown}
 p - a scroll of noise {unknown}
 s - a scroll of amnesia {unknown}
 u - a scroll of blinking {unknown}
Potions
 b - 2 potions of lignification
 d - 5 potions of might
 g - 3 potions of haste {unknown}
 h - a potion of agility {unknown}
 k - 2 potions of curing
 q - 3 potions of heal wounds
Comestibles
 f - 10 rations
 t - 2 chunks of flesh


   Skills:
 - Level 3.2 Fighting
 + Level 5.4 Axes
 - Level 5.0 Armour
 + Level 7.2 Shields


You had 6 spell levels left.
You didn't know any spells.
Your spell library contained the following spells:

 Spells                   Type           Power        Failure   Level  Hunger
 Summon Small Mammal      Summ           #...         100%        1    ##.....
 Call Imp                 Summ           #.......     100%        2    ###....
 Call Canine Familiar     Summ           #.......     100%        3    ####...
 Summon Guardian Golem    Hex/Summ       #.......     100%        3    ####...
 Summon Ice Beast         Ice/Summ       #.......     100%        4    #####..
 Summon Lightning Spire   Summ/Air       #.......     100%        4    #####..


Dungeon Overview and Level Annotations

Branches:
Dungeon (5/15)             Temple (0/1) D:5

Altars:
Ashenzari
Dithmenos
Elyvilon
Trog


Innate Abilities, Weirdness & Mutations

You cannot be hasted, slowed, berserked, paralysed or teleported.
You can dig through walls and to a lower floor.
Your four strong arms can wield two-handed weapons with a shield.
You have a pair of large antennae on your head. (SInv)


Message History

Things that are here:
a +0 club; an iguana corpse You slash the gnoll!
You kill the gnoll!
The gnoll hits you but does no damage.
You closely miss the iguana. The iguana bites you.
The gnoll hits you from afar with a +0 halberd!
* * * LOW HITPOINT WARNING * * *
There is a stone staircase leading up here.
The iguana bites you.
* * * LOW HITPOINT WARNING * * *
You block the gnoll's attack.
You climb upwards.
There is a stone staircase leading down here.
You closely miss the iguana. The iguana bites you!
* * * LOW HITPOINT WARNING * * *
You slash the iguana!
The iguana is almost dead.
The iguana bites you!
You die...

▒▒▒▒▒▒▒ ▒·····▒ ▒·····▒ ▒·····▒
▒·····▒ ▒▒▒▒▒▒▒▒▒▒▒▒▒▒▒▒▒▒·····▒
······················[▒
··▒·▒···········@······▒
··▒·▒············l·····▒
▒▒▒·▒▒▒················▒▒▒▒▒▒▒▒▒▒
▒·····▒··························
▒▒▒▒▒▒▒······▒▒▒▒▒···············
≈≈≈≈≈≈≈······▒···▒···············
▒▒▒▒▒▒▒·▒╬▒▒▒▒···▒···············
▒·····▒······'···▒···············
▒▒▒·▒▒▒······▒···▒······<········


You could see an iguana.

Vanquished Creatures
  Grinder (D:3)
  An ice beast (D:4)
  A phantom (D:3)
  A hound (D:4)
  3 orc wizards
  An iguana (D:5)
  A worker ant (D:4)
  3 gnolls
  3 adders
  A worm (D:3)
  A dart slug (D:2)
  A leopard gecko (D:1)
  8 orcs
  5 bats
  5 giant cockroaches
  7 goblins
  6 hobgoblins
  6 jackals (D:1)
  2 kobolds
  3 ball pythons
  A ball python skeleton (D:4)
  4 frilled lizards
  A leopard gecko skeleton (D:4)
  8 rats
74 creatures vanquished.

Notes
Turn   | Place    | Note
-------+----------+-------------------------------------------
     0 | D:1      | Azzok the Formicid Fighter began the quest for the Orb.
     0 | D:1      | Reached XP level 1. HP: 18/18 MP: 1/1
    94 | D:1      | Reached XP level 2. HP: 21/24 MP: 2/2
   155 | D:1      | Found a shattered altar of Ashenzari.
   178 | D:1      | Reached skill level 4 in Shields
   409 | D:1      | Reached XP level 3. HP: 28/29 MP: 3/3
  1082 | D:2      | Found a white marble altar of Elyvilon.
  1088 | D:2      | Found a bloodstained altar of Trog.
  1297 | D:2      | Found a shadowy altar of Dithmenos.
  1356 | D:2      | Reached XP level 4. HP: 35/35 MP: 4/4
  2147 | D:3      | Noticed Grinder
  2449 | D:3      | Killed Grinder
  2449 | D:3      | Reached skill level 5 in Shields
  2449 | D:3      | Reached XP level 5. HP: 19/41 MP: 5/5
  2449 | D:3      | Reached XP level 6. HP: 21/47 MP: 6/6
  3004 | D:3      | Reached skill level 5 in Armour
  3043 | D:3      | Noticed a phantom
  3104 | D:3      | Killed a phantom
  3104 | D:3      | Reached skill level 6 in Shields
  3104 | D:3      | Reached XP level 7. HP: 33/52 MP: 7/7
  3567 | D:4      | Reached skill level 5 in Axes
  4175 | D:5      | Entered Level 5 of the Dungeon
  4254 | D:5      | Reached skill level 7 in Shields
  4441 | D:5      | Found a staircase to the Ecumenical Temple.
  4487 | D:4      | Slain by an iguana

Levels and vault maps discovered:
D:1:      mrwooster_arrival_arrow, layout_basic, evilmike_ruin_ashenzari
D:2:      layout_basic, lemuel_crystal_altar, amethyst_overflow_temple_binary
D:3:      layout_basic, first_ration, dk_noncrumbling_4,
          grunt_decor_mini_mirrors, uniq_grinder
D:4:      layout_gridville, grunt_decor_cap, minmay_circle_x
D:5:      layout_loops_ring, minmay_temple_entry_nine_rooms

Skill      XL: |  1  2  3  4  5  6  7 |
---------------+----------------------+-----
Shields        | 4 5 6 7 |  7.2
Axes           | 4 5 |  5.4
Armour         | 4 5 |  5.0
Fighting       | |  3.2

Action                   |  1- 3 |  4- 6 |  7- 9 || total
-------------------------+-------+-------+-------++-------
Melee: War axe           |   118 |    90 |    80 ||   288
       Dagger            |    37 |    91 |       ||   128
  Use: Scroll            |       |     4 |     1 ||     5
  Eat: Chunk             |     2 |     5 |     3 ||    10
       Ration            |       |       |     1 ||     1
Armor: Scale mail        |     9 |       |       ||     9
       Chain mail        |    70 |     6 |       ||    76
       Plate armour      |       |    78 |    43 ||   121
Dodge: Dodged            |    24 |    18 |    19 ||    61
Block: Large shield      |   142 |    91 |       ||   233
       Shield            |     3 |    34 |    45 ||    82

Table legend:
 A = Non-vault XP
 B = Vault XP
 C = Vault XP percentage of total XP
 D = Non-vault monster count
 E = Vault monster count
 F = Vault count percentage of total count
                 A         B        C        D         E       F
            +---------+---------+-------+---------+---------+-------
      Total |     678 |     295 |  30.3 |      73 |       1 |   1.4
            +---------+---------+-------+---------+---------+-------
        D:1 |      49 |       0 |   0.0 |      21 |       0 |   0.0
        D:2 |      52 |       0 |   0.0 |      22 |       0 |   0.0
        D:3 |     204 |     295 |  59.1 |      16 |       1 |   5.9
        D:4 |     225 |       0 |   0.0 |       7 |       0 |   0.0
        D:5 |     148 |       0 |   0.0 |       7 |       0 |   0.0
            +---------+---------+-------+---------+---------+-------
